 Dungeon Crawl Stone Soup version 0.18-b1-10-g3f7de93 (webtiles) character file.

126 Alarkh the Grave Robber (level 4, 0/30 HPs)
             Began as a Mummy Necromancer on Apr 29, 2016.
             Slain by Sigmund
             ... wielding a +0 scythe
              (10 damage)
             ... on level 2 of the Dungeon.
             The game lasted 00:03:13 (1482 turns).

Alarkh the Grave Robber (Mummy Necromancer)         Turns: 1482, Time: 00:03:14

Health: 0/30       AC:  2    Str: 11    XL:     4   Next: 84%
Magic:  2/8        EV: 12    Int: 15    God:
Gold:   67         SH:  0    Dex: 14    Spells: 1 memorised, 8 levels left

rFire  x . .     SeeInvis .     (no weapon)
rCold  + . .     Gourm    .     a - +0 robe
rNeg   + + +     Faith    .     (no shield)
rPois  ∞         Spirit   .     (no helmet)
rElec  .         Dismiss  .     (no cloak)
rCorr  .         Reflect  .     (no gloves)
SustAt .         Harm     .     (no boots)
MR     .....                    (no amulet)
Stlth  ++........               (no ring)
                                g - +2 ring of dexterity

@: not resistant to hostile enchantments, unstealthy
A: no food or potions, fire vulnerability, cold resistance 1, negative energy
resistance 3, torment resistance, unbreathing
a: no special abilities


You were on level 2 of the Dungeon.
You were not hungry.

You visited 1 branch of the dungeon, and saw 2 of its levels.

You collected 67 gold pieces.

Inventory:

Armour
 a - a +0 robe (worn)
Jewellery
 g - a +2 ring of dexterity (left hand)
Scrolls
 c - 2 scrolls of teleportation
 f - 3 scrolls of enchant weapon
 h - a scroll of identify {unknown}
 i - a scroll of magic mapping {unknown}
Books
 b - a book of Necromancy

   Spells                             Type                      Level
   a - Pain                           Necromancy                   1
   b - Animate Skeleton               Necromancy                   1
   c - Vampiric Draining              Necromancy                   3
   d - Regeneration                   Charms/Necromancy            3
   e - Animate Dead                   Necromancy                   4
   f - Control Undead                 Necromancy                   4


   Skills:
 - Level 1.5 Dodging
 - Level 1.5 Stealth
 + Level 3.2 Spellcasting
 + Level 5.5 Necromancy


You had 8 spell levels left.
You knew the following spells:

 Your Spells              Type           Power        Failure   Level  Hunger
a - Pain                  Necr           ###.         1%          1    N/A

Dungeon Overview and Level Annotations

Branches:
Dungeon (2/15)

Altars:
Qazlal

Annotations:
D:2 Sigmund


Innate Abilities, Weirdness & Mutations

You do not eat or drink.
Your flesh is vulnerable to fire.
You are immune to poison.
Your flesh is cold resistant.
You are immune to negative energy.
You are immune to unholy pain and torment.
You can survive without breathing.


Message History

Aiming: Pain
Press: ? - help, Shift-Dir - straight line, f/p - Natasha
Aim: Natasha (severely wounded, chance to defeat MR: 78%) Natasha convulses in agony!
You kill Natasha!
Natasha growls in agony!
Found a stormy altar of Qazlal.
Press: ? - help, v - describe, . - travel
Here: a fire elemental (lava, resting, fire blocked by a translucent stone wall) Some lava.
Unknown command.
Sigmund the Dreaded comes into view.
He is wielding a scythe.
Sigmund points at you and mumbles some strange words.
The magic dart hits you!
You hit Sigmund.
Sigmund is lightly wounded.
Sigmund zaps a wand.
The puff of flame hits you! The fire burns you terribly!
It is a wand of flame.
Sigmund hits you from afar with a scythe!
You die...

#.# #...>....# .# #.#
####.###.###.# #.##
#.# ....# #..#
#.#####.#.# #).#
#.(....$.)# #..#
#.#####.####### #..#
#.###.......... #).#
#.......####### #..#
#.###@### #).#
####...# #..#
#E#.@.#E# #..#
###...### #..#
#.........#
#..########...._.....#
#....................#
#..###########...###.#
#..#########E#...#E#..


You could see a fire elemental, an air elemental and Sigmund.

Vanquished Creatures
  Jessica (D:2)
  Natasha (twice) (D:2)
  An adder (D:2)
  An ooze (D:1)
  3 dart slugs
  3 goblins
  4 hobgoblins
  6 kobolds
  A quokka (D:2)
  A ball python (D:2)
  4 bats
  4 giant newts
  4 rats
35 creatures vanquished.

Notes
Turn   | Place    | Note
--------------------------------------------------------------
     0 | D:1      | Alarkh the Mummy Necromancer began the quest for the Orb.
     0 | D:1      | Reached XP level 1. HP: 13/13 MP: 3/3
   129 | D:1      | Reached XP level 2. HP: 10/19 MP: 1/5
  1182 | D:2      | Noticed Jessica
  1195 | D:2      | Killed Jessica
  1195 | D:2      | Reached skill level 5 in Necromancy
  1195 | D:2      | Reached XP level 3. HP: 20/24 MP: 0/7
  1211 | D:2      | Noticed Natasha
  1270 | D:2      | Killed Natasha
  1270 | D:2      | Reached XP level 4. HP: 28/30 MP: 3/8
  1473 | D:2      | Noticed Natasha
  1475 | D:2      | Killed Natasha
  1477 | D:2      | Noticed a fire elemental
  1478 | D:2      | Found a stormy altar of Qazlal.
  1479 | D:2      | Noticed an air elemental
  1479 | D:2      | Noticed Sigmund
  1480 | D:2      | Noticed a water elemental
  1480 | D:2      | Noticed an earth elemental
  1482 | D:2      | Slain by Sigmund

Skill      XL: |  1  2  3  4 |
---------------+-------------+-----
Necromancy     | 5 |  5.5
Spellcasting   | 3 |  3.2
Dodging        | |  1.5
Stealth        | |  1.5

Action                   |  1- 3 |  4- 6 || total
-------------------------+-------+-------++-------
Melee: Unarmed           |    13 |     2 ||    15
       Morningstar       |       |     6 ||     6
 Cast: Pain              |    46 |    25 ||    71
  Use: Scroll            |       |     4 ||     4
Armor: Robe              |     3 |     4 ||     7
Dodge: Dodged            |     8 |     8 ||    16
